 Dungeon Crawl Stone Soup version 0.19.1 (webtiles) character file.

76 esteth the Skirmisher (level 4, -6/37 HPs)
             Began as a Formicid Abyssal Knight on Dec 19, 2016.
             Was a Follower of Lugonu.
             Mangled by a worm (11 damage)
             ... on level 2 of the Dungeon.
             The game lasted 00:03:16 (1504 turns).

esteth the Skirmisher (Formicid Abyssal Knight)     Turns: 1504, Time: 00:03:16

Health: -6/37      AC:  3    Str: 17    XL:     4   Next: 57%
Magic:  5/5        EV: 12    Int: 12    God:    Lugonu [*.....]
Gold:   50         SH:  0    Dex: 10    Spells: 0 memorised, 3 levels left

rFire  . . .     SeeInvis +     a - +1 spear
rCold  . . .     Gourm    .     b - +0 leather armour
rNeg   . . .     Faith    .     (no shield)
rPois  .         Spirit   .     (helmet unavailable)
rElec  .         Reflect  .     (no cloak)
rCorr  .         Harm     .     (no gloves)
MR     .....                    (no boots)
Stlth  +.........               (no amulet)
                                (no ring)
                                (no ring)

@: very slightly contaminated
A: permanent stasis, dig shafts and tunnels, four strong arms, antennae 3
a: Dig, Shaft Self, Depart the Abyss, Renounce Religion


You were on level 2 of the Dungeon.
You worshipped Lugonu.
Lugonu was aware of your devotion.
You were not hungry.

You visited 1 branch of the dungeon, and saw 2 of its levels.
You visited the Abyss 1 time.

You collected 50 gold pieces.

Inventory:

Hand Weapons
 a - a +1 spear (weapon)
Armour
 b - a +0 leather armour (worn)
Scrolls
 d - a scroll of remove curse
 g - a scroll of identify
 h - 2 scrolls of immolation
 i - 2 scrolls of noise {unknown}
Potions
 f - 3 potions of curing {unknown}
 j - a potion of might {unknown}
Comestibles
 c - 3 bread rations
 k - 5 fruits
 l - a meat ration


   Skills:
 + Level 3.8 Fighting
 * Level 3.1 Polearms
 + Level 2.6 Armour
 + Level 1.8 Dodging
 - Level 2.3 Invocations


You had 3 spell levels left.
You didn't know any spells.

Dungeon Overview and Level Annotations

Branches:
Dungeon (2/15)

Altars:


Innate Abilities, Weirdness & Mutations

You are under a permanent stasis effect.
You can dig through walls and to a lower floor.
Your four strong arms can wield two-handed weapons with a shield.
You have a pair of large antennae on your head. (SInv)


Message History

Aim: a worm You reach to attack!
You barely miss the worm. You barely miss the worm. You barely miss the worm.
The worm bites you.
* * * LOW HITPOINT WARNING * * *
You hit the worm.
The worm is moderately wounded.
The worm completely misses you.
You completely miss the worm.
The worm is moderately wounded.
You hit the worm but do no damage.
The worm is moderately wounded.
The worm bites you.
* * * LOW HITPOINT WARNING * * *
You hit the worm.
The worm is moderately wounded.
You barely miss the worm.
The worm is moderately wounded.
The worm bites you!
You die...

####### ......#
#####.##############
................@w.#
#####.############.#
...##.# #.# .#.##.##
#.# .#.....#########
#.#
.###.#.).......###.##
#>.....##..w........#
.#.##.###.####.###..#
.w.##.#
#.####.###..######


You could see a worm.

Vanquished Creatures
  4 adders
  A dart slug (D:1)
  A leopard gecko (D:2)
  3 giant cockroaches
  6 goblins
  3 hobgoblins
  3 jackals (D:1)
  4 bats
  2 frilled lizards (D:1)
  5 kobolds
  4 rats
36 creatures vanquished.

Notes
Turn   | Place    | Note
-------+----------+-------------------------------------------
     0 | Abyss:1  | esteth the Formicid Abyssal Knight began the quest for the Orb.
     0 | Abyss:1  | Reached XP level 1. HP: 18/18 MP: 2/2
    32 | Abyss:1  | Noticed a guardian serpent
    33 | D:1      | Escaped the Abyss
    62 | D:1      | Reached skill level 1 in Dodging
   106 | D:1      | Reached * piety under Lugonu
   112 | D:1      | Reached XP level 2. HP: 22/24 MP: 3/3
   556 | D:1      | Reached XP level 3. HP: 26/29 MP: 4/4
   910 | D:2      | Reached XP level 4. HP: 10/37 MP: 5/5
  1504 | D:2      | Mangled by a worm

Skill      XL: |  1  2  3  4 |
---------------+-------------+-----
Dodging        | 1 |  1.8
Polearms       | 3 |  3.1
Fighting       | |  3.8
Armour         | |  2.6
Invocations    | |  2.3

Action                   |  1- 3 |  4- 6 || total
-------------------------+-------+-------++-------
Melee: Spear             |   109 |    50 ||   159
Invok: Depart the Abyss  |     1 |       ||     1
  Use: Scroll            |     4 |       ||     4
       Potion            |       |     1 ||     1
  Eat: Chunk             |       |     2 ||     2
Armor: Leather armour    |    30 |    18 ||    48
Dodge: Dodged            |    78 |    34 ||   112
